 Dungeon Crawl Stone Soup version 0.26-a0-1191-ge2a0e31ab3 (webtiles) character file.

Game seed: 10176405800003409390

784 sideus8 the Chiller (level 7, -2/37 HPs)
             Began as a Deep Elf Ice Elementalist on Dec 28, 2020.
             Slain by a water moccasin skeleton (6 damage)
             ... on level 4 of the Dungeon.
             The game lasted 00:14:23 (5795 turns).

sideus8 the Chiller (Deep Elf Ice Elementalist)     Turns: 5795, Time: 00:14:24

Health: -2/37      AC:  2    Str:  5    XL:     7   Next: 55%
Magic:  3/19       EV: 13    Int: 22    God:
Gold:   158        SH:  0    Dex: 15    Spells: 5/20 levels left

rFire    + . .     SeeInvis .   (no weapon)
rCold    . . .     Faith    .   (no shield)
rNeg     . . .     Spirit   .   a - +0 robe
rPois    .         Reflect  .   (no helmet)
rElec    .         Harm     .   (no cloak)
rCorr    .         Rampage  .   (no gloves)
Will     .....                  (no boots)
Stlth    ++........             (no amulet)
HPRegen  0.12/turn              (no ring)
MPRegen  0.16/turn              (no ring)

@: very slightly contaminated
A: fire resistance 1, mutation resistance 1, screaming 1, subdued magic 1
a: no special abilities


You were on level 4 of the Dungeon.
You visited 1 branch of the dungeon, and saw 4 of its levels.

You collected 248 gold pieces.
You spent 90 gold pieces at shops.

Inventory:

Missiles
 d - 30 poisoned darts
Armour
 a - a +0 robe (worn)
Jewellery
 k - an uncursed ring of wizardry {unknown}
Scrolls
 e - a scroll of identify
 g - 3 scrolls of remove curse
Potions
 b - a potion of brilliance
 c - a potion of flight
 f - 2 potions of haste {unknown}
 h - 2 potions of heal wounds {unknown}
 j - 2 potions of lignification {unknown}


   Skills:
 + Level 0.4 Fighting
 + Level 3.0 Dodging
 - Level 3.5 Stealth
 + Level 7.2 Spellcasting
 * Level 1.9 Conjurations
 * Level 2.8 Hexes
 + Level 7.3 Ice Magic


You had 5 spell levels left.
You knew the following spells:

 Your Spells              Type           Power        Failure   Level
a - Freeze                Ice            100%         1%          1
b - Frozen Ramparts       Ice            60%          1%          3
c - Ozocubu's Armour      Ice            30%          1%          3
d - Hailstorm             Conj/Ice       21%          10%         4
e - Fulminant Prism       Conj/Hex       7%           26%         4

Your spell library contained the following spells:

 Spells                   Type           Power        Failure   Level
 Magic Dart               Conj           48%          2%          1
 Searing Ray              Conj           24%          4%          2
 Dazzling Flash           Conj/Hex       28%          7%          3
 Summon Ice Beast         Ice/Summ       18%          16%         4
 Iskenderun's Mystic Bla  Conj/Tloc      9%           43%         4


Dungeon Overview and Level Annotations

Branches:
Dungeon (4/15)
 Temple: D:4-7

Altars:
Fedhas
Kikubaaqudgha
Zin


Innate Abilities, Weirdness & Mutations

Your flesh is heat resistant. (rF+)
You are somewhat resistant to further mutation.
You occasionally shout uncontrollably at your foes.
Your spells are a little easier to cast, but a little less powerful.


Message History

The water moccasin skeleton bites you.
* * * LOW HITPOINT WARNING * * *
You feel better. The water moccasin skeleton bites you.
* * * LOW HITPOINT WARNING * * *
The water moccasin skeleton misses you.
Casting: Fulminant Prism (extremely dangerous; 26% risk of failure)
Confirm with . or Enter, or press ? or * to list all spells.
Okay, then.
Casting: Fulminant Prism (extremely dangerous; 26% risk of failure)
Confirm with . or Enter, or press ? or * to list all spells.
Aiming: Freeze (safe; 1% risk of failure)
Press: ? - help, Shift-Dir - straight line, f - water moccasin skeleton
Aim: a water moccasin skeleton (heavily damaged)
The water moccasin skeleton resists.
You freeze the water moccasin skeleton.
The water moccasin skeleton is heavily damaged.
The water moccasin skeleton bites you.
* * * LOW HITPOINT WARNING * * *
You see here 16 stones.
The water moccasin skeleton bites you.
You die...

.....<..##.#.# #######.# #.#
## #............# #...##.#
#.#####. #####.#....###
#._.##.# #.#..... ### #.#.####
.P.##.###.#.###>
..###....#########...#.##..#.#
##
.......#...<..##.#...#...)...#
#
..####<..####.##........#.####
..# ##.## #.##(Z......#.# ..#
#.# #.##@##...###.####### ..#
#.# #†##.##...# #........ ..##
#.# ##.##.###...##..######
...# ### #.......#P_.#...##
#.## ##.##.###P..##...## ###
#.##.# ###.#.#.## ..##.#
#.##.##.# +..##.# ##.....####
##.##.# #.........


You could see a water moccasin skeleton.

Vanquished Creatures
  Sigmund (D:3)
  Edmund (D:4)
  A sky beast (D:4)
  An ogre (D:2)
  3 orc priests
  3 orc wizards
  2 worker ants (D:4)
  4 adders
  2 oozes
  A worm (D:2)
  A dart slug (D:1)
  2 leopard geckos (D:4)
  13 orcs
  5 bats
  4 giant cockroaches
  7 goblins
  5 hobgoblins
  3 frilled lizards
  10 kobolds
  A quokka skeleton (D:4)
  9 rats
79 creatures vanquished.

Vanquished Creatures (others)
  A giant cockroach (D:1)
  A fulminant prism (D:4)
  3 plants (D:4)
  3 withered plants (D:4)
8 creatures vanquished.

Grand Total: 87 creatures vanquished

Notes
Turn   | Place    | Note
-------+----------+-------------------------------------------
     0 | D:1      | sideus8 the Deep Elf Ice Elementalist began the quest for
                  | the Orb.
     0 | D:1      | Reached XP level 1. HP: 10/10 MP: 6/6
   215 | D:1      | Reached XP level 2. HP: 15/15 MP: 5/8
   398 | D:1      | Reached skill level 5 in Ice Magic
  1398 | D:2      | Reached XP level 3. HP: 7/19 MP: 2/9
  2139 | D:2      | Noticed an ogre
  2175 | D:1      | Learned a level 3 spell: Frozen Ramparts
  2179 | D:1      | Learned a level 3 spell: Ozocubu's Armour
  2311 | D:2      | Reached XP level 4. HP: 16/24 MP: 4/11
  2685 | D:2      | Found a faded altar of an unknown god.
  2976 | D:2      | Killed an ogre
  2977 | D:2      | Reached XP level 5. HP: 24/28 MP: 10/14
  3187 | D:3      | Noticed Sigmund
  3198 | D:3      | Gained mutation: You occasionally shout uncontrollably at
                  | your foes. [potion of mutation]
  3198 | D:3      | Gained mutation: Your flesh is heat resistant. (rF+)
                  | [potion of mutation]
  3198 | D:3      | Gained mutation: Your spells are a little easier to cast,
                  | but a little less powerful. [potion of mutation]
  3198 | D:3      | Gained mutation: You are somewhat resistant to further
                  | mutation. [potion of mutation]
  3569 | D:3      | Killed Sigmund
  3570 | D:3      | Reached skill level 5 in Spellcasting
  3570 | D:3      | Reached XP level 6. HP: 11/32 MP: 6/16
  3823 | D:3      | Learned a level 4 spell: Hailstorm
  3828 | D:3      | Learned a level 4 spell: Fulminant Prism
  4255 | D:3      | Reached skill level 1 in Hexes
  4518 | D:4      | Noticed a sky beast
  4522 | D:4      | Reached skill level 1 in Conjurations
  5021 | D:4      | Reached XP level 7. HP: 33/36 MP: 13/18
  5090 | D:4      | Found a blossoming altar of Fedhas.
  5090 | D:4      | Noticed Edmund
  5099 | D:4      | Killed Edmund
  5536 | D:4      | Found Zin's Purification Station.
  5538 | D:4      | Found a glowing silver altar of Zin.
  5541 | D:4      | Bought a potion of curing for 90 gold pieces
  5777 | D:4      | Found an ancient bone altar of Kikubaaqudgha.
  5795 | D:4      | Slain by a water moccasin skeleton

Illustrated notes

Levels and vault maps discovered:
D:1:      sevenhm_arrival_forest_fort_small_6, layout_basic,
          hangedman_decor_clover_reticule, lemuel_another_geyser
D:2:      kennysheep_big_flooded_room, layout_basic,
          chequers_ecumenical_altar_grove
D:3:      minmay_evil_eye, layout_rooms, uniq_sigmund
D:4:      layout_loops_ring, grunt_temple_overflow_growth_and_decay, zin_purify,
          kennysheep_generic_room_12, uniq_edmund

Skill      XL: |  1  2  3  4  5  6  7 |
---------------+----------------------+-----
Ice Magic      | 5 6 7 |  7.3
Stealth        | 3 |  3.5
Spellcasting   | 4 5 6 7 |  7.2
Hexes          | 1 2 |  2.8
Conjurations   | 1 |  1.9
Dodging        | 3 |  3.0
Fighting       | |  0.4

Action                   |  1- 3 |  4- 6 |  7- 9 || total
-------------------------+-------+-------+-------++-------
Melee: Unarmed           |     1 |     3 |       ||     4
 Cast: Freeze            |    61 |    49 |    33 ||   143
       Ozocubu's Armour  |       |     6 |       ||     6
       Frozen Ramparts   |       |    13 |     2 ||    15
       Hailstorm         |       |     5 |       ||     5
       Fulminant Prism   |       |       |     1 ||     1
  Use: Potion            |     2 |     3 |     1 ||     6
       Scroll            |       |     9 |       ||     9
Armor: Robe              |     7 |     5 |     3 ||    15
Dodge: Dodged            |    32 |    33 |    23 ||    88

Table legend: (Time is in decaauts)
 A = Elapsed time spent in this place.
 B = Non-inter-level travel time spent in this place.
 C = Inter-level travel time spent in this place.
 D = Time resting spent in this place.
 E = Time spent auto-exploring this place.
 F = Levels seen in this place.
 G = Mean time per level.
                   A        B        C        D        E       F      G
               +--------+--------+--------+--------+--------+-----+--------+
         Total |   5796 |   5796 |      0 |   1973 |   2609 |   4 | 1449.0 |
       Dungeon |   5796 |   5796 |      0 |   1973 |   2609 |   4 | 1449.0 |
               +--------+--------+--------+--------+--------+-----+--------+

Top non-repeatable levels by time:
     D:2: 1987 daAuts
     D:1: 1406 daAuts
     D:4: 1305 daAuts
     D:3: 1096 daAuts
